 Dungeon Crawl Stone Soup version 0.21.0 (console) character file.

6360 Harunobu the Basher (level 10, -5/99 (100) HPs)
             Began as a Troll Fighter on Jan 7, 2018.
             Was a High Priest of Okawaru.
             Slain by a two-headed ogre
             ... wielding a +0 giant club
              (21 damage)
             ... on level 8 of the Dungeon.
             The game lasted 00:21:26 (8724 turns).

Harunobu the Basher (Troll Fighter)                 Turns: 8724, Time: 00:21:26

HP:   -5/99 (100)   AC:  6    Str: 28    XL:     10   Next: 65%
MP:   18/18         EV: 11    Int:  4    God:    Okawaru [*****.]
Gold: 757           SH: 10    Dex: 12    Spells: 9/9 levels left

rFire    . . .     SeeInvis .   N - +11 spear of the Forest {pierce, Str+2}
rCold    . . .     Gourm    +   c - +0 shield
rNeg     . . .     Faith    .   J - +0 robe of the Thinker {rPois MP+9}
rPois    +         Spirit   .   (helmet restricted)
rElec    .         Reflect  .   I - +0 cloak
rCorr    .         Harm     .   (gloves unavailable)
MR       +....                  (boots unavailable)
Stlth    ++........             (no amulet)
HPRegen  0.66/turn              r - ring of protection from magic
MPRegen  0.16/turn              m - +4 ring of slaying

@: no status effects
A: large, unfitting armour, claws 3, fast metabolism 3, gourmand, regeneration
1, shaggy fur 1, tough skin 2
a: Heroism, Finesse, Renounce Religion


You were on level 8 of the Dungeon.
You worshipped Okawaru.
Okawaru was extremely pleased with you.
You were very full.

You visited 1 branch of the dungeon, and saw 8 of its levels.
You also visited: Ossuary.

You collected 757 gold pieces.

Inventory:

Hand Weapons
 a - a +0 flail
 A - a -3 giant spiked club
 C - a +0 vampiric rapier
 E - a +6 flail
 M - a +0 giant spiked club
 N - the +11 spear of the Forest (weapon) {pierce, Str+2}
   (You found it on level 8 of the Dungeon)

   It inflicts extra damage upon your enemies.
   It affects your strength (+2).
 P - a +0 giant spiked club
Armour
 b - a +0 robe
 c - a +0 shield (worn)
 I - a +0 cloak (worn)
 J - the +0 robe of the Thinker (worn) {rPois MP+9}
   (You found it on level 7 of the Dungeon)

   It protects you from poison.
   It affects your magic capacity (+9).
Jewellery
 e - an uncursed ring of poison resistance
 m - a +4 ring of slaying (right claw)
 r - a ring of protection from magic (left claw)
 s - a +2 ring of dexterity
 B - an uncursed ring of protection from cold
Wands
 D - a wand of digging (20)
Scrolls
 g - 3 scrolls of amnesia {unknown}
 i - a scroll of remove curse
 j - 3 scrolls of identify
 k - 4 scrolls of teleportation {unknown}
 l - a scroll of immolation {unknown}
 o - a scroll of fog {unknown}
 v - 4 scrolls of fear {unknown}
 x - 3 scrolls of enchant weapon {unknown}
 z - a scroll of magic mapping {unknown}
 K - a scroll of enchant armour {unknown}
 O - a scroll of blinking {unknown}
Potions
 d - 2 potions of might
 n - 3 potions of berserk rage
 p - 3 potions of heal wounds
 q - a potion of agility {unknown}
 t - a potion of haste {unknown}
 u - 2 potions of curing
 w - a potion of resistance {unknown}
 F - 2 potions of lignification
 G - a potion of mutation {unknown}
 H - a potion of cancellation {unknown}
 L - 3 potions of flight {unknown}
Books
 h - a book of Minor Magic

   Spells                             Type                      Level
   a - Magic Dart                     Conjuration                  1
   b - Blink                          Translocation                2
   c - Call Imp                       Summoning                    2
   d - Slow                           Hexes                        2
   e - Conjure Flame                  Conjuration/Fire             3
   f - Mephitic Cloud                 Conjuration/Poison/Air       3
 y - a book of Changes

   Spells                             Type                      Level
   a - Beastly Appendage              Transmutation                1
   b - Sticks to Snakes               Transmutation                2
   c - Spider Form                    Transmutation/Poison         3
   d - Ice Form                       Ice/Transmutation            4
   e - Blade Hands                    Transmutation                5
Comestibles
 f - 16 rations


   Skills:
 + Level 6.7 Fighting
 + Level 10.6 Maces & Flails
 + Level 1.1 Polearms
 + Level 6.5 Dodging
 + Level 1.6 Stealth
 - Level 3.6 Shields


You had 9 spell levels left.
You didn't know any spells.

Dungeon Overview and Level Annotations

Branches:
Dungeon (8/15)             Temple (0/1) D:4
   Lair: D:8-11

Altars:
Ashenzari
Dithmenos
Okawaru
Qazlal
Trog
Uskayaw
Wu Jian
Zin
The Shining One

Shops:
D:8 [


Innate Abilities, Weirdness & Mutations

You are too large for most types of armour.
You have claws for hands.
Your metabolism is lightning-fast.
You like to eat raw meat.
Your natural rate of healing is unusually fast.
You are covered in fur. (AC +1)
You have very tough skin. (AC +2)


Message History

Describe a (M)onster, (S)pell, s(K)ill, (A)bility, (C)ard, (I)tem, (F)eature, (G)od, (B)ranch, c(L)oud or s(T)atus?
Okay, then.
Attack whom?
Press: ? - help, Dir - move target cursor, f - two-headed ogre
Aim: a two-headed ogre, wielding two giant clubs You reach to attack!
You barely miss the two-headed ogre. You puncture the two-headed ogre!
The two-headed ogre is moderately wounded.
The two-headed ogre hits you with a giant club!
The two-headed ogre hits you with a giant club!!
You puncture the two-headed ogre!
The two-headed ogre is heavily wounded.
You puncture the two-headed ogre!
The two-headed ogre is severely wounded.
The two-headed ogre hits you with a giant club!! x2
* * * LOW HITPOINT WARNING * * *
The two-headed ogre hits you with a giant club.
* * * LOW HITPOINT WARNING * * *
The two-headed ogre hits you with a giant club!!
You die...

.....)..........# #..........#
....##..........# #..........#
..####..........# #.....)....#
.)# #.....#....# #####.####.##
..####.....#..#.### #.# #..#
...##.............# #.#####.##
....#.............######)##.....#
...>#............................
................@...####.........
.................O...# #.........
.....##............#.# #.........
..#..................###.........
..#.####..........##..##.........
....## #...........##.##.........
.....####..#..(..#..#..#.(.......
###....#...##.##.##.#..#.........
............#.##................#


You could see a two-headed ogre.

Vanquished Creatures
  2 two-headed ogres (D:8)
  Joseph (D:8)
  2 hippogriffs (D:7)
  Duvessa (D:5)
  A water moccasin (D:6)
  An orc warrior (D:6)
  2 ice beasts
  2 necrophages
  A black bear (D:5)
  5 phantoms
  6 ogres
  2 centaurs
  An elf zombie (Ossuary)
  A big kobold (D:5)
  8 bullfrogs
  Dowan (D:6)
  3 scorpions
  5 wights
  4 crimson imps
  A howler monkey (D:6)
  A centaur zombie (D:7)
  5 hounds
  A jelly (D:7)
  Crazy Yiuf (D:6)
  2 bullfrog skeletons
  5 orc priests
  A centaur skeleton (D:6)
  9 orc wizards
  4 iguanas
  7 worker ants
  3 big kobold zombies (Ossuary)
  2 hound skeletons
  2 mummies (Ossuary)
  2 howler monkey zombies (D:8)
  10 adders
  4 gnolls (D:6)
  A worker ant zombie (D:6)
  A shadow imp (D:5)
  A white imp (D:5)
  2 oozes
  5 worms
  2 dart slugs (D:1)
  5 leopard geckos
  25 orcs
  4 giant cockroaches
  3 goblins
  6 hobgoblins
  17 jackals
  24 kobolds
  3 quokkas
  2 ball pythons
  2 bats (D:1)
  A frilled lizard (D:2)
  2 gnoll zombies (Ossuary)
  A goblin skeleton (D:5)
  2 goblin zombies (Ossuary)
  7 hobgoblin zombies
  2 kobold zombies (D:5)
  5 orc zombies
  A quokka skeleton (D:6)
  4 rats
237 creatures vanquished.

Vanquished Creatures (others)
  An orc (D:6)
1 creature vanquished.

Grand Total: 238 creatures vanquished

Notes
Turn   | Place    | Note
-------+----------+-------------------------------------------
     0 | D:1      | Harunobu the Troll Fighter began the quest for the Orb.
     0 | D:1      | Reached XP level 1. HP: 22/22 MP: 0/0
   236 | D:1      | Reached XP level 2. HP: 26/29 MP: 1/1
   564 | D:1      | Reached skill level 2 in Maces & Flails
   815 | D:2      | Reached XP level 3. HP: 20/36 MP: 2/2
  1263 | D:2      | Found an ornate altar of the Wu Jian Council.
  1463 | D:3      | Reached XP level 4. HP: 44/44 MP: 3/3
  1830 | D:3      | Reached skill level 3 in Maces & Flails
  2434 | D:4      | Reached XP level 5. HP: 43/52 MP: 4/4
  2456 | D:4      | Found a staircase to the Ecumenical Temple.
  2483 | D:4      | Reached skill level 4 in Maces & Flails
  2651 | D:4      | Found a glowing silver altar of Zin.
  2662 | D:4      | Reached XP level 6. HP: 47/61 MP: 5/5
  3036 | D:4      | Found a stormy altar of Qazlal.
  3042 | D:4      | Found an ornate altar of the Wu Jian Council.
  3380 | D:4      | Found an iron altar of Okawaru.
  3383 | D:4      | Became a worshipper of Warmaster Okawaru
  3385 | D:4      | Found a shadowy altar of Dithmenos.
  3397 | D:5      | Entered Level 5 of the Dungeon
  3453 | D:5      | Reached skill level 5 in Maces & Flails
  3453 | D:5      | Reached XP level 7. HP: 45/67 MP: 6/6
  3512 | D:5      | Found a shattered altar of Ashenzari.
  3593 | D:5      | Found a glowing golden altar of the Shining One.
  3896 | D:5      | Reached * piety under Okawaru
  3930 | D:5      | Found a bloodstained altar of Trog.
  4340 | D:5      | Reached skill level 6 in Maces & Flails
  4752 | D:6      | Reached XP level 8. HP: 72/78 MP: 7/7
  4767 | D:6      | Noticed Duvessa
  4767 | D:6      | Noticed Dowan
  4780 | D:6      | Killed Dowan
  4828 | D:5      | Killed Duvessa
  5026 | D:6      | Reached ** piety under Okawaru
  5106 | D:6      | Reached skill level 7 in Maces & Flails
  5365 | D:6      | Reached skill level 5 in Fighting
  5429 | D:6      | Reached XP level 9. HP: 68/88 MP: 8/8
  5535 | D:6      | Reached skill level 8 in Maces & Flails
  5612 | D:6      | Reached skill level 1 in Stealth
  5708 | D:5      | Reached *** piety under Okawaru
  5708 | D:5      | Reached skill level 5 in Dodging
  6412 | D:6      | Found a runed door.
  6416 | D:6      | Noticed Crazy Yiuf
  6427 | D:6      | Killed Crazy Yiuf
  6614 | D:7      | HP: 4/88 [poisoned by an orc wizard]
  6828 | D:7      | Got an opalescent robe
  6837 | D:7      | Reached skill level 9 in Maces & Flails
  6884 | D:7      | Identified the +0 robe of the Thinker {rPois MP+9} (You found it on level 7 of the Dungeon)
  7272 | D:7      | Reached **** piety under Okawaru
  7292 | D:7      | Found a sand-covered staircase.
  7304 | Ossuary  | Entered an ossuary
  7428 | Ossuary  | Reached XP level 10. HP: 94/98 MP: 9/9
  7764 | D:8      | Noticed Joseph
  7809 | D:8      | Killed Joseph
  7991 | D:8      | Reached skill level 10 in Maces & Flails
  8136 | D:8      | Got a faintly glowing spear
  8137 | D:8      | Identified the +11 spear of the Forest {pierce, Str+2} (You found it on level 8 of the Dungeon)
  8151 | D:8      | Noticed a two-headed ogre
  8158 | D:8      | Killed a two-headed ogre
  8158 | D:8      | Reached ***** piety under Okawaru
  8257 | D:8      | Noticed a hand axe
  8258 | D:8      | Noticed a hand axe
  8275 | D:8      | Noticed a two-headed ogre
  8290 | D:8      | Killed a two-headed ogre
  8290 | D:8      | Reached skill level 1 in Polearms
  8355 | D:8      | Found Cuedauc's Armour Shoppe.
  8397 | D:8      | Found a hide-covered altar of Uskayaw.
  8397 | D:8      | Noticed a two-headed ogre
  8410 | D:8      | HP: 3/99 [two-headed ogre/giant club (14)]
  8724 | D:8      | Slain by a two-headed ogre

Skill      XL: |  1  2  3  4  5  6  7  8  9 10 |
---------------+-------------------------------+-----
Maces & Flails | 2 3 4 5 6 7 9 10 | 10.6
Shields        | 3 |  3.6
Fighting       | 3 4 5 6 |  6.7
Dodging        | 3 4 5 6 |  6.5
Stealth        | 1 |  1.6
Polearms       | 1 |  1.1

Action                   |  1- 3 |  4- 6 |  7- 9 | 10-12 || total
-------------------------+-------+-------+-------+-------++-------
Melee: Flail             |   107 |   173 |   435 |    51 ||   766
       Rapier            |       |       |    32 |       ||    32
       Spear             |       |       |       |    34 ||    34
  Use: Scroll            |       |     1 |     7 |     2 ||    10
       Potion            |       |       |     1 |       ||     1
 Stab: Sleeping          |       |       |       |     1 ||     1
  Eat: Chunk             |    18 |    20 |    42 |    11 ||    91
Armor: Robe              |    23 |    27 |    88 |    17 ||   155
Dodge: Dodged            |    30 |    45 |   192 |    41 ||   308
Block: Shield            |    53 |    88 |   183 |    41 ||   365
